 Dungeon Crawl Stone Soup version 0.28.0-43-g3370ac3207 (webtiles) character file.

Game seed: 13155910327399745838

28 Zeld the Insei (level 3, -2/23 HPs)
             Began as an Octopode Transmuter on Mar 28, 2022.
             Shot with a stone by a goblin (7 damage)
             ... on level 2 of the Dungeon.
             The game lasted 00:00:59 (1740 turns).

Zeld the Insei (Octopode Transmuter)                Turns: 1740, Time: 00:01:00

Health: -2/23      AC:  1    Str: 11    XL:     3   Next: 12%
Magic:  2/6        EV: 13    Int: 15    God:
Gold:   60         SH:  0    Dex: 12    Spells: 0/6 levels left

rFire   . . .      SeeInvis .     - Unarmed
rCold   . . .      Faith    .   (no shield)
rNeg    . . .      Spirit   .   (helmet currently unavailable)
rPois   .          Reflect  .   (no amulet)
rElec   .          Harm     .   (no ring)
rCorr   .          Rampage  .   (no ring)
Will    .....                   (no ring)
Stlth   +++.......              (no ring)
HPRegen 0.07/turn               (no ring)
MPRegen 0.10/turn               (no ring)
                                (no ring)
                                (no ring)

@: appendages (expiring)
A: tentacle spike 3, almost no armour, amphibious, 8 rings, camouflage 1,
gelatinous body 1, (nimble swimmer 1), tentacles
a: End Transformation


You were on level 2 of the Dungeon.
One of your tentacles had grown a beastly spike.
You visited 1 branch of the dungeon, and saw 2 of its levels.

You collected 60 gold pieces.

You aren't carrying anything.


   Skills:
 + Level 1.3 Fighting
 - Level 2.0 Dodging
 + Level 1.0 Stealth
 + Level 3.1 Unarmed Combat
 * Level 2.3 Spellcasting
 * Level 2.5 Transmutations
 + Level 0.2 Poison Magic


You couldn't memorise any spells.
You knew the following spells:

 Your Spells              Type           Power      Damage    Failure   Level
a - Beastly Appendage     Tmut           18%        N/A       8%          1
b - Wereblood             Tmut           9%         N/A       11%         2
c - Spider Form           Tmut/Pois      6%         N/A       34%         3

Your spell library contained the following spells:

 Spells                   Type           Power      Damage    Failure   Level
 Ice Form                 Ice/Tmut       5%         N/A       77%         4


Dungeon Overview and Level Annotations

Branches:
Dungeon (2/15)

Altars:


Innate Abilities, Weirdness & Mutations

One of your tentacles has grown a beastly spike.
You cannot wear most types of armour.
You are amphibious.
You can wear up to eight rings at the same time.
Your skin changes colour to match your surroundings (Stealth+).
Your rubbery body absorbs attacks. (AC +1, EV +1)
((You are camouflaged when in or above water. (Stealth+)))
You have tentacles for arms and can constrict up to eight enemies at once.


Message History

Nothing appears to happen.
The goblin falls through a shaft!
The shaft crumbles and collapses.
A goblin comes into view. It is wielding a +0 dagger.
A jackal comes into view. x2
The goblin unwields a +0 dagger.
The goblin wields a +0 hunting sling.
The goblin shoots a stone.
The stone barely misses you.
There are monsters nearby!
Casting: Beastly Appendage (safe; 8% risk of failure)
Confirm with . or Enter, or press ? or * to list all spells.
You fail to extend your transformation any further.
The jackal barks!
A jackal comes into view.
Found 5 gold pieces.
The goblin shoots a stone.
The stone completely misses you.
A ball python comes into view.
The goblin shoots a stone.
The stone barely misses you. The jackal bites you.
The ball python moves out of view.
You barely miss the jackal. You grab the jackal.
You pierce the jackal.
You kill the jackal!
The goblin shoots a stone.
The stone completely misses you. The jackal barely misses you.
The jackal bites you.
Your magical contamination has completely faded away.
You see here a jackal corpse.
The jackal bites you. The jackal bites you. The jackal bites you. x2
The jackal bites you.
Your transformation is almost over.
The jackal barely misses you.
You are too injured to fight recklessly!
You tentacle-slap the jackal. You grab the jackal.
You pierce the jackal.
You kill the jackal!
You closely miss the jackal. You grab the jackal.
You pierce the jackal, but do no damage.
You squeeze the jackal.
You kill the jackal!
The goblin shoots a stone.
The stone hits you.
* * * LOW HITPOINT WARNING * * *
The goblin shoots a stone.
The stone hits you!
You die...

###########..#####. #..#
#..# #######..#
.........# #######.### #
#.....#
#...###############[###.#
#....†...g.@.....># #.#
#..........########.###.#
...........# #.....#
#...8.8....# #######
#.$..>.......
#S..8.8....##.
#..........# #
#..........#


You could see a goblin.

Vanquished Creatures
  2 dart slugs (D:1)
  4 endoplasms (D:1)
  A hobgoblin (D:1)
  3 jackals (D:2)
  A quokka (D:1)
  A ball python (D:1)
  A frilled lizard (D:1)
  2 goblins (D:1)
  5 kobolds (D:1)
  2 rats (D:1)
22 creatures vanquished.

Notes
Turn   | Place    | Note
-------+----------+-------------------------------------------
     0 | D:1      | Zeld the Octopode Transmuter began the quest for the Orb.
     0 | D:1      | Reached XP level 1. HP: 13/13 MP: 3/3
   580 | D:1      | Reached XP level 2. HP: 18/18 MP: 3/5
  1117 | D:1      | Reached skill level 1 in Stealth
  1402 | D:1      | Reached XP level 3. HP: 18/23 MP: 4/6
  1405 | D:1      | Learned a level 2 spell: Wereblood
  1589 | D:1      | Learned a level 3 spell: Spider Form
  1740 | D:2      | Shot with a stone by a goblin

Illustrated notes

Levels and vault maps discovered:
D:1:      dpeg_arrival_tiny_a, layout_basic
D:2:      layout_loops_ring, st_stairs_14, minmay_fountain_box,
          minmay_circled_x, uniq_robin

Skill      XL: |  1  2 |
---------------+-------+-----
Stealth        | 1 |  1.0
Fighting       | |  1.3
Dodging        | |  2.0
Unarmed Combat | |  3.1
Spellcasting   | |  2.3
Transmutations | |  2.5
Poison Magic   | |  0.2

Action                   || total
-------------------------++-------
Melee: Unarmed           ||    35
       Tentacles         ||     9
       Constrict         ||    11
       Kick              ||    14
       Punch             ||     2
 Cast: Beastly Appendage ||    22
 Stab: Sleeping          ||     3
Dodge: Dodged            ||    20
